 Dungeon Crawl Stone Soup version 0.13-a0-1577-g2bae144 (webtiles) character file.

159 Bruce the Digger (level 3, -4/26 HPs)
             Began as a Draconian Earth Elementalist on June 12, 2013.
             Slain by a goblin
             ... wielding a +0,+0 club
              (5 damage)
             ... on Level 3 of the Dungeon.
             The game lasted 00:07:20 (1067 turns).

Bruce the Digger (Draconian Earth Elementalist)     Turns: 1067, Time: 00:07:20

HP  -4/26        AC  5     Str 10      XL: 3   Next: 53%
MP   1/7         EV 12     Int 16      God:
Gold 110         SH  0     Dex 11      Spells:  2 memorised,  3 levels left

Res.Fire  : . . .   See Invis. : .   i - -1,+0 elf dagger (curse)
Res.Cold  : . . .   Warding    : .   (armour unavailable)
Life Prot.: + . .   Conserve   : .   (no shield)
Res.Poison: .       Res.Corr.  : .   (helmet restricted)
Res.Elec. : .       Clarity    : .   (no cloak)
Sust.Abil.: . .     Spirit.Shd : .   (no gloves)
Res.Mut.  : .       Stasis     : .   (no boots)
Res.Rott. : .       Flight     : .   (no amulet)
Saprovore : . . .                    (no ring)
                                     l - ring of life protection

@: not resistant to hostile enchantments, unstealthy
A: unfitting armour, AC +5
a: no special abilities


You were on level 3 of the Dungeon.
You were not hungry.

You visited 1 branch of the dungeon, and saw 5 of its levels.

You collected 90 gold pieces.

Inventory:

Hand weapons
 i - a cursed -1,+0 elven dagger (weapon)
 n - a +0,+1 short sword of venom
Missiles
 b - 37 stones (quivered)
Comestibles
 a - a bread ration
 g - a sausage
 m - a honeycomb
 s - a chunk of goblin flesh
Scrolls
 e - a scroll of fog
 r - a scroll of identify
Jewellery
 k - an uncursed ring of flight
 l - a ring of life protection (left hand)
Potions
 c - a potion of agility {unknown}
 f - a potion of mutation {unknown}
 h - a potion of brilliance {unknown}
 j - a potion of heal wounds {unknown}
 o - a potion of restore abilities {unknown}
 q - 2 potions of curing {unknown}
Books
 d - a book of Geomancy

   Spells                             Type                      Level
   *Sandblast                         Earth                        1
   Stoneskin                          Transmutation/Earth          2
   Passwall                           Transmutation/Earth          3
   *Stone Arrow                       Conjuration/Earth            3
   Petrify                            Transmutation/Earth          4
   Lee's Rapid Deconstruction         Earth                        5


   Skills:
 - Level 1.7 Dodging
 - Level 1.7 Stealth
 * Level 2.6 Spellcasting
 + Level 0.2 Conjurations
   Level 1.0 Transmutations
 + Level 3.5 Earth Magic


You had 3 spell levels left.
You knew the following spells:

 Your Spells              Type           Power        Failure   Level  Hunger
a - Sandblast             Erth           ##....       6%          1    #......
b - Stone Arrow           Conj/Erth      #.....       28%         3    ###....


Dungeon Overview and Level Annotations

Branches:
Dungeon (5/27)
 Temple: D:4-7

Altars:


Message History

Press: ? - help, Shift-Dir - straight line, f - goblin
Aim: a goblin (severely wounded)
The blast of sand hits the goblin.
You kill the goblin!
You see here a goblin corpse.
The goblin shouts!
The goblin hits you but does no damage.
You stop butchering the corpse.
You barely miss the goblin. The goblin hits you with a club.
* * * LOW HITPOINT WARNING * * *
Casting: Sandblast
Confirm with . or Enter, or press ? or * to list all spells.
Aiming: Stone Arrow
Press: ? - help, Shift-Dir - straight line, f - goblin
Aim: a goblin, wielding a club You miscast Stone Arrow.
Your skin tingles.
The goblin hits you with a club.
* * * LOW HITPOINT WARNING * * *
You hit the goblin.
The goblin is severely wounded.
The goblin hits you with a club.
You die...

#....#
#.#..#
###.####.#
#........#
#%#.######
#.#...
#.#####
#g# #@#
#.# #..
####


You could see a goblin.

Vanquished Creatures
  An adder (D:2)
  A worm (D:2)
  A giant gecko (D:1)
  2 oozes
  An orc (D:4)
  A giant cockroach (D:1)
  3 hobgoblins
  A quokka (D:2)
  A ball python (D:2)
  3 bats
  7 goblins
  3 kobolds
  6 rats
31 creatures vanquished.

Vanquished Creatures (others)
  A giant gecko (D:2)
1 creature vanquished.

Grand Total: 32 creatures vanquished

Notes
Turn   | Place    | Note
--------------------------------------------------------------
     0 | D:1      | Bruce, the Draconian Earth Elementalist, began the quest for the Orb.
     0 | D:1      | Reached XP level 1. HP: 14/14 MP: 3/3
   169 | D:2      | Reached XP level 2. HP: 5/20 MP: 2/4
   527 | D:4      | Reached XP level 3. HP: 11/26 MP: 1/6
   558 | D:5      | Entered Level 5 of the Dungeon
   597 | D:4      | Learned a level 3 spell: Stone Arrow
  1062 | D:3      | HP: 1/26 [goblin/club (3)]
  1067 | D:3      | Slain by a goblin

Action                   || total
-------------------------++-------
Melee: Unarmed           ||    13
       Dagger            ||   137
 Cast: Sandblast         ||    39
  Use: Scroll            ||     5
 Stab: Sleeping          ||     1
